 Dungeon Crawl Stone Soup version 0.30-b1-2-g02819fbbbe (webtiles) character file.

Game seed: 15827641997961430995

57 snakesoul the Magician (level 4, 0/31 HPs)
             Began as a Djinni Air Elementalist on June 4, 2023.
             Killed by their own static electricity (1 damage)
             ... on level 2 of the Dungeon.
             The game lasted 00:03:02 (1607 turns).

snakesoul the Magician (Djinni Air Elementalist)    Turns: 1607, Time: 00:03:03

Health: 0/31       AC:  3    Str:  7    XL:     4   Next: 18%
Gold:   143        EV: 12    Int: 25    God:
                   SH:  0    Dex: 13

rFire   + + .        j - staff of earth
rCold   x . .        (no shield)
rNeg    . . .        a - +0 robe
rPois   ∞            (no helmet)
rElec   .            (no cloak)
rCorr   .            f - +0 pair of gloves
SInv    .            (boots unavailable)
Will    .....        e - amulet of the acrobat
Stlth   ++           i - +6 ring of intelligence
HPRegen 0.25/turn    (no ring)
MPRegen 0.00/turn

%: acrobat, infuse magic (-1 HP)
@: swift, flying, quick
A: sickness immunity, fire resistance 2, cold vulnerability 1, float, innate
caster, HP casting, extra vitality 1
a: no special abilities


You were on level 2 of the Dungeon.
You visited 1 branch of the dungeon, and saw 2 of its levels.

You collected 143 gold pieces.

Inventory:

Hand Weapons
 c - a +0 dagger
Missiles
 k - a throwing net
Armour
 a - a +0 robe (worn)
 f - a +0 pair of gloves (worn)
Magical Staves
 j - a staff of earth (weapon)
Jewellery
 e - an amulet of the acrobat (around neck)
 i - a +6 ring of intelligence (left hand)
Scrolls
 b - a scroll of enchant armour {unknown}
 h - a scroll of immolation {unknown}
Potions
 d - 2 potions of invisibility {unknown}
 g - 2 potions of ambrosia {unknown}
 l - a potion of flight {unknown}


   Skills:
 - Level 2.1 Dodging
 - Level 1.5 Stealth
 * Level 3.7 Spellcasting


You knew the following spells:

 Your Spells              Type           Power      Damage    Failure   Level
a - Shock                 Conj/Air       92%        1d8       1%          1
b - Static Discharge      Conj/Air       46%        2-4/arc   3%          2
c - Swiftness             Air            23%        N/A       6%          3
d - Airstrike             Air            11%        2d(2-18)  21%         4
e - Sting                 Tmut/Pois      92%        1d7       1%          1
Your spell library was empty.

Dungeon Overview and Level Annotations

Branches:
Dungeon (2/15)

Altars:

Annotations:
D:2 Crazy Yiuf


Innate Abilities, Weirdness & Mutations

You are immune to sickness and miasma.
You are immune to poison.
Your flesh is very heat resistant. (rF++)
You are vulnerable to cold. (rC-)
You float through the air rather than walking.
You learn spells naturally, not from books.
Your magical power is your life essence.
You have superior vitality. (+4 MHP)


Message History

You feel quick.
Crazy Yiuf shouts!
You reach down and open the door.
Crazy Yiuf zaps a wand.
The roots erupt in riotous growth!
The grasping roots grab you! The grasping roots constrict you.
Unknown command.
Unknown command.
Casting: Swiftness (dangerous; 6% risk of failure)
Confirm with . or Enter, or press ? or * to list all spells.
You don't know that spell.
Casting: Swiftness (dangerous; 6% risk of failure)
Confirm with . or Enter, or press ? or * to list all spells.
Okay, then.
Unknown command.
Casting: Swiftness (dangerous; 6% risk of failure)
Confirm with . or Enter, or press ? or * to list all spells.
Aiming: Sting (safe; 1% risk of failure)
Press: ? - help, Shift-Dir - straight line, f - Crazy Yiuf
Aim: Crazy Yiuf, wielding a +2 quarterstaff of chaos, wearing a +2 cloak of willpower and carrying a wand of roots (4) (79% to hit)
The sting hits Crazy Yiuf but does no damage.
Crazy Yiuf is poisoned.
The grasping roots constrict you.
The grasping roots release their grip on you.
Casting: Sting (safe; 1% risk of failure)
Confirm with . or Enter, or press ? or * to list all spells.
Crazy Yiuf is struck by an arc of lightning.
Crazy Yiuf is lightly wounded.
You are struck by an arc of lightning.
The lightning grounds out.
Crazy Yiuf hits you with a +2 quarterstaff of chaos!
* * * LOW HITPOINT WARNING * * *
Crazy Yiuf freezes you.
* * * LOW HITPOINT WARNING * * *
Unknown command.
Unknown command.
Casting: Static Discharge (safe; 3% risk of failure)
Confirm with . or Enter, or press ? or * to list all spells.
Crazy Yiuf is struck by an arc of lightning.
Crazy Yiuf is moderately wounded.
You are struck by an arc of lightning.
You die...

#..##### ....# ....##
###..# # #..#### ###.....##
.##......# ### ######
..#......# #)..### ##....##
........##
#...g@####......# #.....###
#...##..#.......# #..#.##
### ###.#....#.# ...#.###
########.# ##.#..)## #..#
##.###..### ##.##
.#.####...# #..#
.#..#####.##############.##
.........÷..............)#


You could see Crazy Yiuf (poisoned).

Vanquished Creatures
  An adder (D:2)
  A worm (D:2)
  3 dart slugs (D:1)
  2 bats
  3 endoplasms
  A giant cockroach (D:1)
  4 goblins
  6 hobgoblins
  3 kobolds
  3 quokkas (D:1)
  2 ball pythons (D:2)
  A frilled lizard (D:2)
  6 rats
36 creatures vanquished.

Notes
Turn   | Place    | Note
-------+----------+-------------------------------------------
     0 | D:1      | snakesoul the Djinni Air Elementalist began the quest for
                  | the Orb.
     0 | D:1      | snakesoul set off with the following spells memorised:
                  | Shock, Static Discharge, Swiftness, Airstrike.
     0 | D:1      | Reached XP level 1. HP: 15/15 MP: 0/0
    10 | D:1      | Noticed a hog
    10 | D:1      | Noticed a komodo dragon
    10 | D:1      | Noticed an anaconda
    11 | D:1      | Noticed an eight-headed hydra
    11 | D:1      | Noticed a polar bear
    85 | D:1      | Reached XP level 2. HP: 17/21 MP: 0/0
   280 | D:1      | Reached skill level 3 in Spellcasting
   494 | D:1      | Reached XP level 3. HP: 15/25 MP: 0/0
   494 | D:1      | Learned a level 1 spell: Sting
  1160 | D:2      | Reached XP level 4. HP: 29/31 MP: 0/0
  1365 | D:2      | Found a runed translucent door.
  1366 | D:2      | Noticed Crazy Yiuf
  1607 | D:2      | Killed from afar by themself

Illustrated notes

Levels and vault maps discovered:
D:1:      onia_arrival_zoo_common, layout_loops_corners
D:2:      layout_rooms, uniq_crazy_yiuf_cottage

Skill      XL: |  1  2 |
---------------+-------+-----
Spellcasting   | 3 |  3.7
Dodging        | |  2.1
Stealth        | |  1.5

Action                     |  1- 3 |  4- 6 || total
---------------------------+-------+-------++-------
   Cast: Shock             |    62 |    12 ||    74
         Sting             |       |     1 ||     1
         Swiftness         |       |     1 ||     1
         Static Discharge  |       |     1 ||     1
 Armour: Robe              |     2 |     1 ||     3
  Dodge: Dodged            |     2 |       ||     2
